 Dungeon Crawl Stone Soup version 0.28.0-53-g5a82cb258f (webtiles) character file.

Game seed: 9256617354168011750

48 DildoBatman the Conjurer (level 4, -16/30 HPs)
             Began as a Formicid Conjurer on June 21, 2022.
             Demolished by an ogre
             ... wielding a +0 giant spiked club
              (24 damage)
             ... on level 4 of the Dungeon.
             The game lasted 00:04:01 (1431 turns).

DildoBatman the Conjurer (Formicid Conjurer)        Turns: 1431, Time: 00:04:01

Health: -16/30     AC:  2    Str: 18    XL:     4   Next: 0%
Magic:  7/7        EV:  9    Int: 17    God:
Gold:   63         SH:  0    Dex: 11    Spells: 4/7 levels left

rFire   . . .      SeeInvis +   b - +0 hunting sling
rCold   . . .      Faith    .   (no shield)
rNeg    . . .      Spirit   .   d - +0 robe
rPois   .          Reflect  .   (helmet unavailable)
rElec   .          Harm     .   (no cloak)
rCorr   +          Rampage  .   (no gloves)
Will    .....                   (no boots)
Stlth   ++........              (no amulet)
HPRegen 0.10/turn               i - +6 ring of strength
MPRegen 0.10/turn               l - ring of resist corrosion

@: constricted
A: permanent stasis, dig shafts and tunnels, antennae 3, four strong arms
a: Dig, Shaft Self


You were on level 4 of the Dungeon.
You visited 1 branch of the dungeon, and saw 3 of its levels.

You collected 63 gold pieces.

Inventory:

Hand Weapons
 a - a +2 dagger of venom
 b - a +0 hunting sling (weapon)
Missiles
 e - 26 stones (quivered ammo)
 g - 17 bolts
Armour
 d - a +0 robe (worn)
Jewellery
 i - a +6 ring of strength (left hand)
 l - a ring of resist corrosion (right hand)
Scrolls
 c - 2 scrolls of teleportation {unknown}
 k - a scroll of enchant armour {unknown}
Potions
 f - a potion of resistance {unknown}
 h - a potion of heal wounds {unknown}
 j - a potion of cancellation {unknown}


   Skills:
 - Level 1.7 Dodging
 - Level 2.4 Stealth
 - Level 2.1 Spellcasting
 * Level 4.8 Conjurations


You had 4 spell levels left.
You knew the following spells:

 Your Spells              Type           Power      Damage    Failure   Level
a - Searing Ray           Conj           36%        2d5       4%          2
c - Magic Dart            Conj           72%        1d6       2%          1

Your spell library contained the following spells:

 Spells                   Type           Power      Damage    Failure   Level
 Pain                     Necr           4%         1d4       19%         1
 Dazzling Flash           Conj/Hex       20%        N/A       22%         3
 Fulminant Prism          Conj/Hex       5%         3d7       56%         4
 Iskenderun's Mystic Bla  Conj/Tloc      10%        2d4       56%         4
 Agony                    Necr           1%         N/A       99%         5
 Excruciating Wounds      Necr           0%         N/A       99%         5
 Silence                  Hex/Air        0%         N/A       99%         5


Dungeon Overview and Level Annotations

Branches:
Dungeon (2/15)

Altars:

Annotations:
D:1 Terence
D:2 1 exclusion


Innate Abilities, Weirdness & Mutations

You cannot be hasted, slowed, berserked, paralysed or teleported.
You can dig through walls and to a lower floor.
You have a pair of large antennae on your head. (SInv)
Your four strong arms can wield two-handed weapons with a shield.


Message History

The ball python constricts you.
An ogre comes into view. It is wielding a +0 giant spiked club.
An orc comes into view. It is wielding a +0 hand axe.
What are your orders? t - Shout!
Orders for allies: a - Attack new target. r - Retreat! s - Stop attacking. g - Guard the area. f - Follow me.
Anything else - Cancel.
You shout for attention!
The giant cockroach bites you but does no damage.
The orc hits you with a +0 club. The ball python closely misses you.
The ball python constricts you. What are your orders? t - Shout!
Orders for allies: a - Attack new target. r - Retreat! s - Stop attacking. g - Guard the area. f - Follow me.
Anything else - Cancel.
You shout for attention!
The giant cockroach bites you but does no damage.
The ball python bites you but does no damage.
The ball python constricts you. The orc hits you with a +0 club.
The giant cockroach bites you. What are your orders? t - Shout!
Orders for allies: a - Attack new target. r - Retreat! s - Stop attacking. g - Guard the area. f - Follow me.
Anything else - Cancel.
You shout for attention!
The ball python misses you. The ball python constricts you.
The orc hits you with a +0 club.
The giant cockroach bites you but does no damage.
The ogre hits you with a +0 giant spiked club!!
Ouch! That really hurt!
You die... #.. . .. ..## .. .o## .# ..S# ..# #oo

#..#
#B#S..#
#.@o#
#O........
......###..
.....##.#
..##### .#
. .# { . #


You could see an ogre, an orc wizard (invisible), an adder, 3 orcs, a giant
cockroach and a ball python.

Vanquished Creatures
  A howler monkey skeleton (D:2)
  A worm (D:2)
  A bat (D:1)
  3 endoplasms (D:2)
  4 goblins
  4 hobgoblins
  3 jackals (D:1)
  4 quokkas
  4 ball pythons
  3 frilled lizards (D:2)
  A kobold (D:2)
  3 rats
32 creatures vanquished.

Notes
Turn   | Place    | Note
-------+----------+-------------------------------------------
     0 | D:1      | DildoBatman the Formicid Conjurer began the quest for the
                  | Orb.
     0 | D:1      | Reached XP level 1. HP: 13/13 MP: 3/3
   200 | D:1      | Reached XP level 2. HP: 16/19 MP: 1/5
   203 | D:1      | Learned a level 2 spell: Searing Ray
   213 | D:1      | Reached skill level 4 in Conjurations
   823 | D:2      | Reached XP level 3. HP: 24/24 MP: 2/6
  1051 | D:2      | Noticed Terence
  1411 | D:2      | Reached XP level 4. HP: 30/30 MP: 7/7
  1415 | D:2      | You fall into a shaft and drop 2 floors!
  1428 | D:4      | Noticed an ogre
  1431 | D:4      | Demolished by an ogre

Illustrated notes

Levels and vault maps discovered:
D:1:      shiori_arrival_maze, layout_loops_ring
D:2:      layout_basic, hangedman_glass_teeth, glass_columns_a,
          kennysheep_nondescript, uniq_terence
D:4:      layout_rooms, amethyst_overflow_temple_binary,
          nzn_wu_jian_council_hall, serial_shops, shop, minmay_misc_feat_rows,
          grunt_ministairs_8

Skill      XL: |  1  2 |
---------------+-------+-----
Conjurations   | 4 |  4.8
Dodging        | |  1.7
Stealth        | |  2.4
Spellcasting   | |  2.1

Action                   |  1- 3 |  4- 6 || total
-------------------------+-------+-------++-------
Melee: Club              |     5 |       ||     5
       Dagger            |     9 |       ||     9
 Fire: Hunting sling     |    19 |       ||    19
 Cast: Magic Dart        |    38 |       ||    38
       Searing Ray       |     3 |       ||     3
 Abil: Shaft Self        |       |     1 ||     1
 Stab: Sleeping          |     1 |       ||     1
Armor: Robe              |     7 |    10 ||    17
Dodge: Dodged            |    24 |    14 ||    38
